AoeStats
← tom

Glade

510833636Analyzed
1v1 RM · 1d ago on Oct 2, 2026· 61m 2s· 2 players
Game mode
Random Map
Map size
Tiny (2 player)
Population
200
Speed
Normal
Resources
Standard
Victory
Conquest
Starting age
Dark Age
Ending age
Imperial Age
RankedLock teamsTeams togetherTeam positionsShared explorationLock speedFull tech treeHidden civsTurbo modeCheats
Victory
Defeat
🇳🇱 Mongols · Netherlands
832
+14
🇱🇻 Britons · Latvia
787
-14
tom
5:51 Loom
10:06 Feudal Age
10:08 Man-at-Arms
21:56 Castle Age
19:57 Stone Mining
20:43 Double-Bit Axe
22:20 Wheelbarrow
25:18 Fletching
27:13 Bow Saw
29:45 Scale Barding Armor
29:51 Forging
29:54 Murder Holes
30:25 Ballistics
30:18 Husbandry
35:09 Imperial Age
33:49 Bodkin Arrow
33:55 Padded Archer Armor
35:09 Yeomen
36:21 Conscription
36:34 Hand Cart
37:33 Town Watch
39:32 Two-Man Saw
39:22 Conscription
41:01 Warwolf
40:23 Elite Longbowman
41:33 Ballistics
43:39 Chemistry
42:48 Siege Engineers
43:05 Warwolf
42:27 Elite Longbowman
43:42 Leather Archer Armor
43:28 Bracer
44:22 Hoardings
47:53 Fortified Wall
47:58 Masonry
51:33 Architecture
53:34 Ring Archer Armor
Broodjekopkaas
9:36 Feudal Age
8:13 Loom
10:07 Double-Bit Axe
10:09 Horse Collar
23:01 Castle Age
21:07 Stone Mining
21:56 Fletching
23:59 Bow Saw
25:31 Scale Mail Armor
25:06 Pikeman
27:15 Bodkin Arrow
27:33 Forging
28:38 Gold Mining
28:52 Heavy Plow
30:19 Squires
31:21 Wheelbarrow
33:21 Gold Shaft Mining
33:26 Chain Mail Armor
34:42 Wheelbarrow
34:32 Ballistics
37:31 Imperial Age
35:40 Wheelbarrow
34:51 Town Watch
36:37 Iron Casting
37:36 Hand Cart
37:46 Arson
37:39 Elite Skirmisher
39:40 Plate Mail Armor
41:21 Blast Furnace
41:21 Bracer
42:24 Chemistry
41:37 Fortified Wall
43:04 Conscription
43:42 Stone Shaft Mining
43:47 Thumb Ring
44:53 Padded Archer Armor
45:32 Town Patrol
47:42 Leather Archer Armor
47:43 Masonry
50:54 Bloodlines
50:45 Husbandry
50:52 Scale Barding Armor
53:12 Chain Barding Armor
55:49 Cavalier
56:54 Light Cavalry
59:43 Capped Ram
Connection lost

Rejoining the realm…

Still unreachable

The connection could not be restored.

Session expired

The server has moved on; the page needs a fresh start.